Map: Dusk Towers

Players

Miszu - Winner!

  • Race: Terran Terran
  • League: Master

Ganxieni

  • Race: Zerg Zerg
  • League: Master

VOD

Have the link to the VOD?

Description

Time

  • Played on: March 14, 2016, 5:37 p.m.
  • Length: 10:56
Show
View Real Time Build Order
Export as new Build Order

Miszu Terran - Winner!

Build Orders: MMM Bio 

Get SALT Encoding   

  12  0:00  SCV  
  13  0:13  SCV  
  14  0:17  Supply Depot  
  14  0:25  SCV  
  15  0:39  Barracks, SCV  
  16  0:43  Refinery  
  16  0:51  SCV  
  17  1:03  SCV  
  18  1:15  SCV  
  19  1:27  Orbital Command  
  19  1:29  Barracks Reactor  
  19  1:40  Command Center  
  19  1:50  Supply Depot  
  19  1:53  SCV  
  20  1:56  Refinery  
  20  2:05  SCV  
  20  2:06  Reaper  
  20  2:07  Reaper  
  23  2:17  SCV  
  24  2:29  SCV  
  25  2:36  Command Center  
  25  2:41  Reaper  
  25  2:42  Reaper, SCV  
  28  2:54  SCV  
  28  2:56  Orbital Command  
  29  3:06  SCV  
  30  3:18  SCV  
  30  3:19  Reaper x2  
  33  3:21  SCV  
  34  3:29  Barracks  
  34  3:30  Barracks  
  34  3:31  SCV  
  34  3:33  SCV  
  36  3:43  SCV  
  36  3:45  SCV  
  36  3:46  Factory  
  38  3:48  Orbital Command  
  38  3:54  Marine x2  
  38  3:55  SCV  
  41  3:58  SCV  
  42  4:07  SCV  
  42  4:09  Refinery  
  43  4:10  Refinery, SCV  
  45  4:17  Barracks Tech Lab  
  45  4:18  Barracks Tech Lab  
  45  4:19  SCV  
  45  4:21  Orbital Command  
  45  4:22  SCV  
  45  4:23  Engineering Bay  
  46  4:25  Engineering Bay  
  46  4:30  Marine x2  
  48  4:31  SCV  
  48  4:34  SCV  
  48  4:35  Marine  
  48  4:37  Stimpack  
  51  4:38  Factory Reactor  
  51  4:41  Starport  
  51  4:43  SCV  
  52  4:47  Combat Shields  
  52  4:48  Marine x2, SCV  
  52  4:49  SCV  
  57  4:53  Marine  
  57  4:54  Terran Infantry Weapons Level 1, Terran Infantry Armor Level 1  
  57  4:57  SCV  
  58  5:00  SCV  
  58  5:06  SCV  
  60  5:09  Marine  
  60  5:10  Barracks  
  60  5:11  Barracks  
  61  5:20  Marine x3  
  64  5:22  Supply Depot  
  64  5:23  Supply Depot  
  64  5:24  Supply Depot  
  64  5:26  SCV  
  64  5:27  Marine  
  66  5:30  SCV  
  66  5:31  SCV  
  66  5:34  Factory Tech Lab  
  68  5:38  SCV  
  69  5:44  Marine, Medivac x2, SCV x2  
  69  5:49  Supply Depot  
  76  5:50  SCV  
  76  5:52  Supply Depot  
  76  5:55  Armory  
  76  5:56  SCV x2  
  79  5:58  Marine  
  79  5:59  Barracks Reactor x2  
  79  6:00  Marine  
  79  6:01  Marine  
  82  6:05  SCV  
  82  6:08  SCV  
  84  6:11  SCV  
  84  6:12  Supply Depot  
  84  6:13  Marine  
  84  6:15  Supply Depot  
  84  6:16  Siege Tank  
  89  6:20  Missile Turret  
  89  6:21  SCV  
  89  6:22  Missile Turret  
  89  6:23  Missile Turret  
  89  6:25  Marine, Refinery  
  90  6:26  Marine  
  90  6:27  Marine  
  90  6:31  Marine  
  94  6:36  Marine x2  
  94  6:37  Marine x2  
  98  6:42  Medivac  
  98  6:43  Marine x2, Medivac  
  98  6:45  Marine, SCV  
  106  6:48  Marine  
  106  6:54  Marine x2  
  93  7:01  Marine x3  
  93  7:02  Marine  
  93  7:03  Marine  
  93  7:06  Marine  
  99  7:11  Marine  
  99  7:12  Marine, Siege Tank  
  99  7:14  SCV x3  
  107  7:17  Refinery  
  107  7:19  Marine x4  
  107  7:20  Marine  
  107  7:21  Barracks  
  107  7:22  Barracks  
  112  7:24  Marine  
  112  7:26  Barracks  
  112  7:29  Marine  
  112  7:30  Marine  
  114  7:42  Marine  
  115  7:46  Marine  
  115  7:47  Marine x5  
  115  7:48  Marine, Siege Tank  
  125  8:03  Supply Depot  
  125  8:05  Command Center  
  125  8:09  Marine x4, Medivac x2  
  125  8:10  Supply Depot  
  133  8:25  Marine x4, Siege Tank  
  133  8:26  Barracks Reactor, Marine, Barracks Tech Lab  
  141  8:27  Barracks Tech Lab x2  
  141  8:31  Marine x3  
  141  8:32  Supply Depot  
  141  8:33  Supply Depot  
  144  8:35  Supply Depot x2  
  144  8:39  Medivac  
  145  8:43  Marauder x2  
  149  8:53  Marine x4  
  149  8:54  Marine x2, Medivac, Marauder x2  
  149  8:55  Marauder  
  159  9:04  Marauder x2, Thor  
  165  9:11  Marine x4  
  165  9:12  Marine x2  
  165  9:15  Marauder x2  
  165  9:16  Marauder  
  173  9:26  Marauder x2  
  173  9:29  Marine x4  
  173  9:30  Marine x2  
  170  9:37  Marauder x2  
  170  9:38  Marauder  
  173  9:40  Medivac  
  175  9:47  Marine x5, Marauder  
  175  9:48  Marine  
  183  9:58  Marauder x2  
  183  9:59  Marauder  
  182  10:05  Marauder  
  182  10:06  Marine  
  162  10:09  Marine, Marauder  
  162  10:13  Medivac x2  
  168  10:20  Marauder  
  169  10:22  Marine  
  169  10:23  Marine x5  
  169  10:24  Marine  
  169  10:26  Marine  
  163  10:44  Missile Turret  
Show
View Real Time Build Order
Export as new Build Order

Ganxieni Zerg 

Build Orders: Hatch First, Muta Ling Bane 

Get SALT Encoding   

  12  0:01  Drone  
  13  0:12  Overlord  
  13  0:17  Drone  
  14  0:31  Drone x2  
  14  0:35  Drone  
  17  0:53  Hatchery  
  17  0:55  Drone  
  17  0:57  Drone  
  18  1:10  Extractor  
  17  1:13  Spawning Pool  
  17  1:16  Drone  
  17  1:25  Drone  
  18  1:38  Drone  
  19  1:47  Hatchery  
  19  1:52  Drone x2  
  20  2:00  Overlord  
  20  2:05  Zergling x2  
  21  2:12  Zergling x2  
  21  2:14  Metabolic Boost  
  22  2:20  Queen  
  24  2:25  Drone  
  25  2:33  Queen  
  27  2:37  Drone  
  28  2:47  Overlord  
  28  2:51  Drone x2  
  28  2:58  Queen  
  32  3:00  Drone  
  32  3:01  Drone  
  33  3:15  Drone x3  
  33  3:16  Drone x3  
  33  3:19  Zergling x2  
  38  3:25  Zergling x2  
  39  3:30  Queen, Drone  
  42  3:37  Overlord  
  42  3:38  Drone x2  
  44  3:41  Drone x2  
  44  3:45  Drone  
  44  3:47  Drone  
  48  3:52  Drone x2  
  50  3:56  Queen  
  50  3:57  Overlord  
  50  4:02  Drone x3  
  55  4:04  Drone x2  
  55  4:08  Overlord  
  57  4:15  Drone x4  
  61  4:21  Drone  
  62  4:30  Drone  
  63  4:31  Drone  
  63  4:32  Drone  
  63  4:36  Extractor x2, Drone x2  
  66  4:38  Drone  
  66  4:42  Drone x2  
  67  4:49  Zergling x10  
  72  4:54  Extractor  
  72  4:55  Extractor  
  72  4:57  Drone, Evolution Chamber  
  72  4:58  Evolution Chamber  
  70  5:00  Drone x2  
  70  5:03  Extractor  
  70  5:06  Drone x2  
  70  5:08  Drone x2  
  70  5:12  Drone x2  
  74  5:20  Lair  
  74  5:21  Baneling Nest  
  74  5:24  Zerg Melee Weapons Level 1, Zerg Ground Armor Level 1  
  73  5:34  Overlord x4  
  73  5:36  Overlord  
  73  5:37  Overlord  
  72  5:43  Overlord x2  
  72  5:52  Queen  
  72  5:54  Zergling x2  
  72  5:56  Drone  
  76  5:57  Drone x9  
  76  5:58  Zergling x6  
  88  6:07  Spine Crawler  
  88  6:08  Baneling x4  
  88  6:09  Baneling x2  
  88  6:10  Zergling x6  
  90  6:14  Zergling x4  
  92  6:19  Zergling x6  
  92  6:20  Burrow, Hatchery  
  94  6:28  Zergling x2  
  94  6:29  Zergling x12  
  101  6:33  Drone  
  101  6:34  Spire, Zergling x2  
  101  6:45  Zergling x4  
  93  7:00  Drone  
  83  7:01  Zergling x2  
  83  7:02  Zergling x10  
  83  7:03  Zergling x8  
  89  7:09  Zergling x2  
  90  7:19  Zerg Ground Armor Level 2, Drone  
  90  7:21  Infestation Pit  
  87  7:31  Drone  
  87  7:32  Drone x7  
  87  7:35  Zergling x2  
  87  7:36  Baneling  
  87  7:37  Baneling x4  
  97  7:53  Mutalisk  
  97  7:54  Mutalisk x8  
  113  7:58  Zergling x2  
  113  7:59  Zergling x2  
  115  8:07  Zergling x10  
  115  8:08  Zergling x2  
  121  8:13  Centrifical Hooks, Baneling x9  
  121  8:18  Overlord x4  
  121  8:22  Overlord  
  121  8:24  Overlord  
  121  8:26  Overlord  
  121  8:29  Overlord  
  121  8:30  Overlord x2  
  121  8:37  Overlord  
  121  8:45  Hive  
  121  8:46  Zergling x2  
  121  8:47  Zergling x16  
  130  8:49  Baneling  
  130  8:50  Baneling x7  
  130  8:53  Zergling x8  
  128  9:04  Mutalisk  
  128  9:05  Mutalisk x3  
  134  9:12  Zergling x6  
  135  9:21  Mutalisk x4  
  135  9:22  Mutalisk x5  
  138  9:35  Zergling x8  
  132  9:40  Mutalisk  
  132  9:43  Queen  
  132  9:45  Zergling x2  
  135  9:46  Zergling x4  
  135  9:50  Zergling x2  
  135  9:51  Zergling x12  
  144  9:55  Baneling  
  144  9:56  Baneling x4  
  139  10:00  Zergling x2  
  139  10:03  Drone  
  139  10:06  Zergling x2  
  129  10:07  Zergling x2  
  130  10:14  Evolution Chamber  
  130  10:17  Evolution Chamber  
  130  10:18  Hatchery  
  127  10:23  Zergling x2  
  127  10:24  Zergling x18  
  127  10:26  Baneling x10  
Tags
 
Add a new tag
Caveats
  • Supply blocks, unpowered buildings, or Contaminate may cause inaccurate times.
  • Supply counts are checked every 10 seconds.